 Dungeon Crawl Stone Soup version 0.28-a0-998-gb9e9c7b67e (webtiles) character file.

Game seed: 12214849894492872895

37 ytrimaz the Insei (level 3, -6/23 HPs)
             Began as an Octopode Transmuter on Dec 5, 2021.
             Mangled by a scorpion (9 damage)
             ... on level 2 of the Dungeon.
             The game lasted 00:01:19 (1941 turns).

ytrimaz the Insei (Octopode Transmuter)             Turns: 1941, Time: 00:01:20

Health: -6/23      AC:  1    Str:  9    XL:     3   Next: 39%
Magic:  2/6        EV: 13    Int: 17    God:
Gold:   95         SH:  0    Dex: 12    Spells: 2/6 levels left

rFire   . . .      SeeInvis .     - Unarmed
rCold   . . .      Faith    .   (no shield)
rNeg    + . .      Spirit   .   (helmet currently unavailable)
rPois   .          Reflect  .   (no amulet)
rElec   .          Harm     .   b - ring of positive energy
rCorr   .          Rampage  .   (no ring)
Will    +....                   (no ring)
Stlth   ++........              (no ring)
HPRegen 0.07/turn               (no ring)
MPRegen 0.10/turn               (no ring)
                                (no ring)
                                (no ring)

@: lethally poisoned (-6 -> -12), appendages (expiring), very slightly
contaminated
A: tentacle spike 3, almost no armour, amphibious, 8 rings, camouflage 1,
gelatinous body 1, (nimble swimmer 1), tentacles, strong-willed 1
a: End Transformation


You were on level 2 of the Dungeon.
One of your tentacles had grown a beastly spike.
You visited 1 branch of the dungeon, and saw 2 of its levels.

You collected 95 gold pieces.

Inventory:

Jewellery
 b - a ring of positive energy (left tentacle)


   Skills:
 * Level 1.6 Fighting
 - Level 2.0 Dodging
 + Level 3.5 Unarmed Combat
 + Level 2.3 Spellcasting
 + Level 2.4 Transmutations


You had 2 spell levels left.
You knew the following spells:

 Your Spells              Type           Power      Damage    Failure   Level
a - Beastly Appendage     Tmut           20%        N/A       7%          1
b - Spider Form           Tmut/Pois      6%         N/A       34%         3

Your spell library contained the following spells:

 Spells                   Type           Power      Damage    Failure   Level
 Wereblood                Tmut           10%        N/A       11%         2
 Ice Form                 Ice/Tmut       6%         N/A       75%         4


Dungeon Overview and Level Annotations

Branches:
Dungeon (2/15)

Altars:


Innate Abilities, Weirdness & Mutations

One of your tentacles has grown a beastly spike.
You cannot wear most types of armour.
You are amphibious.
You can wear up to eight rings at the same time.
Your skin changes colour to match your surroundings (Stealth+).
Your rubbery body absorbs attacks. (AC +1, EV +1)
((You are camouflaged near water. (Stealth+)))
You have tentacles for arms and can constrict up to eight enemies at once.
You are strong-willed. (Will+)


Message History

You see here 10 stones.
Found a stone staircase leading up.
Your tentacle spike disappears.
A scorpion comes into view.
A scorpion is nearby!
A scorpion is nearby!
One of your tentacles grows a vicious spike.
Your transformation is almost over.
Casting: Beastly Appendage (safe; 7% risk of failure)
Confirm with . or Enter, or press ? or * to list all spells.
The spell is extremely dangerous to miscast (34% risk of failure)!
Continue anyway?
You miscast Spider Form.
You are very lightly contaminated with residual magic.
Nothing appears to happen.
Unknown command.
You tentacle-slap the scorpion but do no damage.
You grab the scorpion.
You constrict the scorpion, but do no damage.
The scorpion stings you!
You are poisoned.
The scorpion poisons you!
You tentacle-slap the scorpion but do no damage.
You pierce the scorpion.
You squeeze the scorpion!
The scorpion is severely wounded.
You constrict the scorpion.
You feel very sick. The scorpion closely misses you.
You tentacle-slap the scorpion but do no damage.
You squeeze the scorpion, but do no damage.
The scorpion is almost dead.
You constrict the scorpion, but do no damage.
You feel sick. The scorpion stings you.
* * * LOW HITPOINT WARNING * * *
The scorpion misses you.
It was a potion of mutation.
You feel extremely strange.
You feel strong-willed.
You constrict the scorpion.
* * * LOW HITPOINT WARNING * * *
You feel sick. The scorpion stings you!
You die...

...# #...#.# ##...#.#
#....#.#######
#..#.#.#.....#
#.<#.#.#.###.#
#..#.#....##.#######
.#####..#(#.#..##.##.....
........@...#..##.##.####
#####.s#......†..#...###
........#####..##........
#####...# #..##.#...###
#.### #..##.##.## #.
#..##.##.### ..
#...........# ##
#...##..#...# ...##
#.#....


You could see a scorpion.

Vanquished Creatures
  A worm (D:2)
  2 dart slugs
  2 endoplasms
  A giant cockroach (D:2)
  3 goblins
  5 hobgoblins
  4 kobolds
  A quokka (D:1)
  A ball python (D:2)
  5 bats
  A frilled lizard (D:2)
  A rat (D:1)
27 creatures vanquished.

Notes
Turn   | Place    | Note
-------+----------+-------------------------------------------
     0 | D:1      | ytrimaz the Octopode Transmuter began the quest for the
                  | Orb.
     0 | D:1      | Reached XP level 1. HP: 13/13 MP: 3/3
   561 | D:1      | Reached XP level 2. HP: 13/18 MP: 5/5
  1718 | D:2      | Reached XP level 3. HP: 23/23 MP: 6/6
  1742 | D:2      | Learned a level 3 spell: Spider Form
  1934 | D:2      | Noticed a scorpion
  1941 | D:2      | Gained mutation: You are strong-willed. (Will+) [potion of
                  | mutation]
  1941 | D:2      | Mangled by a scorpion

Illustrated notes

Levels and vault maps discovered:
D:1:      sevenhm_arrival_forest_fort_small_6, layout_basic,
          minmay_misc_feat_roman
D:2:      layout_loops_ring, basic_altar, minmay_pentomino_pile, uniq_natasha

Action                   || total
-------------------------++-------
Melee: Unarmed           ||    64
       Constrict         ||    19
       Tentacles         ||    13
       Kick              ||    11
       Punch             ||     1
 Cast: Beastly Appendage ||    23
  Use: Potion            ||     1
 Stab: Sleeping          ||     4
Armor: Skin              ||     4
Dodge: Dodged            ||    46

Table legend: (Time is in decaauts)
 A = Elapsed time spent in this place.
 B = Non-inter-level travel time spent in this place.
 C = Inter-level travel time spent in this place.
 D = Time resting spent in this place.
 E = Time spent auto-exploring this place.
 F = Levels seen in this place.
 G = Mean time per level.
                   A        B        C        D        E       F      G
               +--------+--------+--------+--------+--------+-----+--------+
         Total |   1936 |   1927 |      9 |      0 |   1695 |   2 |  968.0 |
       Dungeon |   1936 |   1927 |      9 |      0 |   1695 |   2 |  968.0 |
               +--------+--------+--------+--------+--------+-----+--------+

Top non-repeatable levels by time:
     D:1: 1658 daAuts
     D:2: 278 daAuts
